 Dungeon Crawl Stone Soup version 0.21.1-1-g345015f (webtiles) character file.

362 rgaf the Chopper (level 6, -3/84 HPs)
             Began as a Naga Berserker on July 6, 2018.
             Was a Believer of Trog.
             Slain by a quokka (4 damage)
             ... on level 4 of the Dungeon.
             The game lasted 00:01:50 (2346 turns).

rgaf the Chopper (Naga Berserker)                   Turns: 2346, Time: 00:01:51

Health: -3/84      AC:  3    Str: 26    XL:     6   Next: 66%
Magic:  6/6        EV: 10    Int:  7    God:    Trog [**....]
Gold:   116        SH:  0    Dex: 11    Spells: 5/5 levels left

rFire    . . .     SeeInvis +   f - +0 war axe
rCold    . . .     Gourm    .   (no shield)
rNeg     . . .     Faith    .   b - +0 animal skin
rPois    +         Spirit   .   (no helmet)
rElec    .         Reflect  .   (no cloak)
rCorr    .         Harm     .   (no gloves)
MR       .....                  (no barding)
Stlth    ..........             (no amulet)
HPRegen  0.24/turn              (no ring)
MPRegen  0.10/turn              (no ring)

@: berserking (expiring), quick
A: large, see invisible, deformed body, poison resistance, slowness 2, slow
metabolism 1, spit poison 1, AC +2
a: Spit Poison, Berserk, Trog's Hand, Burn Spellbooks, Renounce Religion


You were on level 4 of the Dungeon.
You worshipped Trog.
Trog was pleased with you.
You were not hungry.

You visited 1 branch of the dungeon, and saw 4 of its levels.

You collected 116 gold pieces.

Inventory:

Hand Weapons
 a - a +0 hand axe
 f - a +0 war axe (weapon)
Armour
 b - a +0 animal skin (worn)
Jewellery
 d - an uncursed amulet of harm {unknown}
Wands
 i - a wand of flame (40)
Scrolls
 g - 2 scrolls of teleportation {unknown}
 h - a scroll of enchant weapon {unknown}
 j - 2 scrolls of identify {unknown}
 m - a scroll of amnesia {unknown}
 o - a scroll of remove curse {unknown}
Potions
 e - a potion of curing {unknown}
 k - a potion of heal wounds {unknown}
 l - a potion of ambrosia {unknown}
 n - a potion of cancellation {unknown}
Comestibles
 c - 4 rations


   Skills:
 - Level 3.0 Fighting
 * Level 6.2 Axes
 + Level 3.4 Armour
 - Level 1.5 Dodging


You had 5 spell levels left.
You didn't know any spells.

Dungeon Overview and Level Annotations

Branches:
Dungeon (4/15)
 Temple: D:4-7

Altars:
Ashenzari


Innate Abilities, Weirdness & Mutations

You cannot wear boots.
Your serpentine skin is tough. (AC +2)
You have supernaturally acute eyesight. (SInv)
Armour fits poorly on your strangely shaped body.
Your system is resistant to poisons. (rPois)
You cover ground very slowly.
You have a slow metabolism.
You can spit poison.


Message History

The ogre is moderately wounded.
You slash the ogre!
The ogre is severely wounded.
The ogre hits you with a giant spiked club!!
* * * LOW HITPOINT WARNING * * *
You slash the ogre!
You kill the ogre!
Trog accepts your kill.
Your Axes skill increases to level 6!
You barely miss the worm.
The quokka bites you but does no damage.
You slash the worm!
The worm is severely wounded.
You hit the quokka. The worm bites you!
* * * LOW HITPOINT WARNING * * *
You slash the worm!
You kill the worm!
Trog accepts your kill.
You barely miss the quokka. The quokka bites you.
You die...

##. #####..
...... ..... .
#...######.#
#.........#
...##.).......#
......†@......#
......r...###+#
.........##
..##.....# .
#...### #...
#... #...


You could see a quokka.

Vanquished Creatures
  A necrophage (D:3)
  An ogre (D:4)
  A bullfrog zombie (D:3)
  An orc priest (D:3)
  An orc wizard (D:3)
  4 adders
  2 worms
  A dart slug (D:2)
  3 leopard geckos
  7 orcs (D:3)
  7 bats
  A giant cockroach (D:1)
  4 goblins
  4 hobgoblins
  3 jackals (D:1)
  2 quokkas (D:3)
  2 ball pythons
  3 frilled lizards
  5 kobolds
  A rat (D:2)
54 creatures vanquished.

Notes
Turn   | Place    | Note
-------+----------+-------------------------------------------
     0 | D:1      | rgaf the Naga Berserker began the quest for the Orb.
     0 | D:1      | Reached XP level 1. HP: 21/21 MP: 1/1
   192 | D:1      | Reached XP level 2. HP: 24/28 MP: 2/2
   535 | D:1      | You fall through a shaft!
   726 | D:2      | Reached XP level 3. HP: 26/34 MP: 3/3
   760 | D:2      | Reached skill level 4 in Axes
   879 | D:2      | Reached ** piety under Trog
  1004 | D:2      | Reached XP level 4. HP: 34/42 MP: 4/4
  1362 | D:3      | Reached skill level 5 in Axes
  1362 | D:3      | Reached XP level 5. HP: 18/49 MP: 5/5
  1711 | D:3      | Found a shattered altar of Ashenzari.
  1984 | D:3      | Noticed a necrophage
  1991 | D:3      | Killed a necrophage
  1991 | D:3      | Reached XP level 6. HP: 56/56 MP: 6/6
  2343 | D:4      | Reached skill level 6 in Axes
  2345 | D:4      | HP: 1/84 [worm (7)]
  2346 | D:4      | Slain by a quokka

Skill      XL: |  1  2  3  4  5  6 |
---------------+-------------------+-----
Armour         | 2 3 |  3.4
Axes           | 4 5 6 |  6.2
Fighting       | |  3.0
Dodging        | |  1.5

Action                   |  1- 3 |  4- 6 || total
-------------------------+-------+-------++-------
Melee: Hand axe          |    74 |    42 ||   116
       War axe           |       |    45 ||    45
Invok: Berserk           |     1 |     4 ||     5
  Eat: Chunk             |     1 |     6 ||     7
Armor: Animal skin       |    25 |    12 ||    37
Dodge: Dodged            |    50 |    48 ||    98
